 Dungeon Crawl Stone Soup version 0.32-a0-13-gbaedc5810e (webtiles) character file.

Game seed: 1057759443374088714

21 Ivernyr the Shield-Bearer (level 3, 29/29 HPs)
             Began as a Formicid Fighter on Jan 15, 2024.
             Got out of the dungeon alive.
             The game lasted 00:01:59 (465 turns).

Ivernyr the Shield-Bearer (Formicid Fighter)         Turns: 465, Time: 00:02:00

Health: 29/29      AC:  8    Str: 22    XL:     3   Next: 5%
Magic:  3/3        EV:  9    Int:  7    God:
Gold:   27         SH:  5    Dex: 13    Spells: 2/2 levels left

rFire   . . .        a - +0 quarterstaff
rCold   . . .        c - +0 buckler
rNeg    . . .        b - +0 scale mail
rPois   .            (helmet unavailable)
rElec   .            (no cloak)
rCorr   .            (no gloves)
SInv    +            g - +0 pair of boots
Will    .....        (no amulet) Stlth
                     (no ring)
HPRegen 0.24/turn    (no ring)
MPRegen 0.08/turn

%: no passive effects
@: no status effects
A: permanent stasis, dig shafts and tunnels, antennae 3, four strong arms
a: Dig, Shaft Self


You escaped.
You visited 1 branch of the dungeon, and saw 1 of its levels.

You collected 27 gold pieces.

Inventory:

Hand Weapons
 a - a +0 quarterstaff (weapon)
Armour
 b - a +0 scale mail (worn)
 c - a +0 buckler (worn)
 g - a +0 pair of boots (worn)
Scrolls
 f - a scroll of identify {unknown}
Potions
 d - a potion of might
 e - a potion of magic {unknown}


   Skills:
 + Level 3.6 Fighting
 + Level 2.3 Staves
 + Level 3.6 Armour
 + Level 4.3 Shields


You had 2 spell levels left.
You didn't know any spells.
Your spell library was empty.

Dungeon Overview and Level Annotations

Branches:
Dungeon (1/15)

Altars:

Shops:
D:1 *


Innate Abilities, Weirdness & Mutations

You cannot be hasted, slowed, berserked, paralysed or teleported.
You can dig through walls and to a lower floor.
You have a pair of large antennae on your head. (SInv)
Your four strong arms can wield two-handed weapons with a shield.


Message History

The jackal bites the plant.
The plant begins to die.
The jackal bites you but does no damage.
You barely miss the jackal.
A nearby plant withers and dies.
The jackal closely misses you.
The jackal bites the plant.
The plant begins to die.
The jackal bites you but does no damage.
You barely miss the jackal.
A nearby plant withers and dies.
The jackal bites the plant.
The jackal barely misses you.
The jackal bites the plant.
You block the jackal's attack.
You sock the jackal!
You kill the jackal!
A nearby plant withers and dies.
The jackal bites you but does no damage.
You hit the jackal but do no damage.
A nearby plant withers and dies.
The jackal bites you.
You sock the jackal!
You kill the jackal!
You have reached level 3!
Your experience leads to an increase in your attributes!
Increase (S)trength, (I)ntelligence, or (D)exterity?
You feel stronger. x2
There is a staircase leading out of the dungeon here.
You now have 27 gold pieces (gained 13).
A goblin comes into view. It is wielding a +0 dagger.
A goblin is nearby!
The goblin barely misses you.
You hit the goblin.
The goblin is severely wounded.
The goblin hits you with a +0 dagger.
You sock the goblin!
You kill the goblin!
You see here a +0 dagger.
HP restored.
You see here a +0 dagger.
Found Axiluph's Assorted Antiques.
There is an entrance to Axiluph's Assorted Antiques here.
What level of the Dungeon? (default 1, ? - help)
There is a staircase leading out of the dungeon here.
You can't go down here!
You have escaped!
PP.PPPPPPP.P.PPPPPPP.PP# P.PPPPPPPPP.PPPPPPPPP.P# P.PPPPPPPPP.PPPPPPPPP.P###### P.PPPPPPP.....PPPPPPP..>.....
P.PPPPPP.PP.PP.PPPPPP.P###.## P.PPPPP.PPP.PPP.PPPPP.P# PP.PPP.PPP.P.PPP.PPP.PP# PPP.PP.PP.PPP.PP.PP.PPP# PPPP.....PPPPP..@..PPPP# PPP.PP.PP.PPP.PP.PP.PPP## PP.PPP.PPP.P.PPP.PPP.PP.##.# P.PPPPP.PPP.PPP.PPPPP.P....# P.PPPPPP.PP.PP.PPPPPP.P###># P.PPPPPPP.....PPPPPPP.P# P.PPPPPPPPP.PPPPPPPPP.P# P.PPPPPPPPP.PPPPPPPPP.P# PP.PPPPPPP.P.PPPPPPP.PP#

There were no monsters in sight!

Vanquished Creatures
  An endoplasm (D:1)
  3 giant cockroaches (D:1)
  A goblin (D:1)
  2 hobgoblins (D:1)
  2 jackals (D:1)
  A kobold (D:1)
  2 quokkas (D:1)
  2 ball pythons (D:1)
  A bat (D:1)
  2 frilled lizards (D:1)
  2 rats (D:1)
19 creatures vanquished.

Notes
Turn   | Place    | Note
-------+----------+-------------------------------------------
     0 | D:1      | Ivernyr the Formicid Fighter began the quest for the Orb.
     0 | D:1      | Reached XP level 1. HP: 18/18 MP: 1/1
    58 | D:1      | Reached XP level 2. HP: 21/24 MP: 2/2
   186 | D:1      | Found a faded altar of an unknown god.
   365 | D:1      | Reached XP level 3. HP: 27/29 MP: 3/3
   437 | D:1      | Found Axiluph's Assorted Antiques.
   465 | D:$      | Got out of the dungeon alive.

Illustrated notes

Levels and vault maps discovered:
D:1:      roderic_crop_circles_arrival_large, layout_loops_ring,
          nicolae_ecumenical_snake_handling, serial_shops, shop

Action                     || total
---------------------------++-------
  Melee: Quarterstaff      ||    52
 Armour: Scale mail        ||    31
  Dodge: Dodged            ||    22
  Block: Buckler           ||    12

Table legend: (Time is in decaauts)
 A = Elapsed time spent in this place.
 B = Non-inter-level travel time spent in this place.
 C = Inter-level travel time spent in this place.
 D = Time resting spent in this place.
 E = Time spent auto-exploring this place.
 F = Levels seen in this place.
 G = Mean time per level.
                   A        B        C        D        E       F      G
               +--------+--------+--------+--------+--------+-----+--------+
         Total |    476 |    454 |     22 |      0 |    303 |   1 |  476.0 |
       Dungeon |    476 |    454 |     22 |      0 |    303 |   1 |  476.0 |
               +--------+--------+--------+--------+--------+-----+--------+

Top non-repeatable levels by time:
     D:1: 476 daAuts
